AoeStats
← Addeos

Oasis

510027396Analyzed
2v2 RM · 1d ago on Sep 29, 2026· 58m 24s· 4 players
Game mode
Random Map
Map size
Medium (4 player)
Population
200
Speed
Normal
Resources
Standard
Victory
Conquest
Starting age
Dark Age
Ending age
Imperial Age
RankedLock teamsTeams togetherTeam positionsShared explorationLock speedFull tech treeHidden civsTurbo modeCheats
Victory
Defeat
🇦🇷 Cumans · Argentina
969
+14
🇦🇷 Saxons · Argentina
942
+14
🇲🇽 Ethiopians · Mexico
921
-14
🇨🇴 Georgians · Colombia
921
-14
[ESTG] Daupoch
9:32 Loom
11:18 Feudal Age
13:00 Double-Bit Axe
17:20 Castle Age
15:39 Horse Collar
18:56 Bow Saw
24:51 Heavy Plow
25:31 Wheelbarrow
27:43 Fortified Wall
28:52 Hand Cart
29:39 Gold Mining
33:59 Imperial Age
32:47 Gold Shaft Mining
31:56 Treadmill Crane
32:27 Masonry
32:13 Murder Holes
32:40 Ballistics
33:13 Gambesons
33:33 Scale Mail Armor
33:44 Squires
33:33 Arson
34:57 Chain Mail Armor
34:05 Shield Wall
35:06 Conscription
35:22 Architecture
34:22 Elite Varangian Guard
36:17 Plate Mail Armor
35:59 Forging
37:34 Two-Man Saw
38:02 Crop Rotation
37:42 Caravan
40:58 Iron Casting
42:52 Stone Mining
45:53 Hoardings
46:00 Fletching
47:26 Chemistry
46:30 Town Watch
48:21 Town Patrol
58:15 Bodkin Arrow
AlaDerechaRey
10:30 Feudal Age
11:38 Double-Bit Axe
12:40 Loom
13:15 Man-at-Arms
14:41 Horse Collar
15:01 Town Watch
15:56 Wheelbarrow
16:23 Man-at-Arms
17:32 Gold Mining
21:29 Scale Mail Armor
25:04 Castle Age
24:44 Scale Barding Armor
25:39 Forging
26:32 Heavy Plow
26:57 Bloodlines
29:01 Chain Barding Armor
29:48 Capped Ram
32:40 Bow Saw
36:39 Iron Casting
43:16 Light Cavalry
45:47 Caravan
49:16 Imperial Age
50:59 Plate Barding Armor
51:45 Plate Barding Armor
51:17 Hussar
54:25 Blast Furnace
55:23 Crop Rotation
55:28 Pikeman
Slidhane
10:39 Feudal Age
11:22 Double-Bit Axe
11:21 Horse Collar
12:47 Wheelbarrow
22:04 Castle Age
19:55 Loom
22:10 Fletching
22:25 Padded Archer Armor
23:08 Hand Cart
23:08 Bow Saw
23:00 Heavy Plow
24:17 Crossbowman
25:16 Gold Mining
25:24 Stone Mining
25:35 Town Watch
32:13 Imperial Age
31:10 Gold Shaft Mining
31:52 Fortified Wall
32:00 Leather Archer Armor
32:09 Thumb Ring
32:23 Arbalester
33:56 Town Patrol
36:29 Two-Man Saw
35:49 Herbal Medicine
36:15 Fervor
36:40 Illumination
37:27 Stone Shaft Mining
37:00 Elite Shotel Warrior
38:10 Conscription
38:34 Bodkin Arrow
39:09 Ring Archer Armor
39:14 Scale Barding Armor
39:10 Light Cavalry
40:21 Royal Heirs
40:43 Hussar
41:26 Husbandry
42:04 Torsion Engines
56:23 Forging
57:19 Scale Mail Armor
Addeos
11:30 Feudal Age
13:28 Wheelbarrow
12:42 Double-Bit Axe
13:05 Horse Collar
21:21 Castle Age
21:43 Gold Mining
21:45 Stone Mining
25:22 Fortified Wall
30:16 Hand Cart
31:49 Bow Saw
32:17 Stone Shaft Mining
32:29 Heavy Plow
36:29 Imperial Age
36:45 Ballistics
36:49 Svan Towers
37:10 Bloodlines
37:01 Husbandry
39:10 Chemistry
40:59 Conscription
40:45 Arrowslits
40:50 Guard Tower
40:54 Fletching
42:04 Crop Rotation
42:53 Keep
42:25 Siege Engineers
44:49 Bodkin Arrow
44:55 Caravan
46:04 Light Cavalry
47:15 Forging
46:34 Elite Monaspa
47:22 Aznauri Cavalry
49:41 Iron Casting
49:11 Scale Barding Armor
50:39 Chain Barding Armor
56:08 Murder Holes
Connection lost

Rejoining the realm…

Still unreachable

The connection could not be restored.

Session expired

The server has moved on; the page needs a fresh start.